AoeStats
← naphtaligrauer16

Arena

509845930Analyzed
2v2 RM · 5d ago on Sep 28, 2026· 44m 16s· 4 players
Game mode
Random Map
Map size
Medium (4 player)
Population
200
Speed
Normal
Resources
Standard
Victory
Conquest
Starting age
Dark Age
Ending age
Imperial Age
RankedLock teamsTeams togetherTeam positionsShared explorationLock speedFull tech treeHidden civsTurbo modeCheats
Victory
Defeat
🇩🇪 Tupi · Germany
1762
+7
🇩🇪 Cumans · Germany
1615
+12
🇦🇲 Varangians · Armenia
1574
-11
🇹🇷 Teutons · Türkiye
1491
-8
Arda Asar
1:51 Loom
9:41 Feudal Age
10:59 Wheelbarrow
10:09 Town Watch
11:04 Fletching
16:20 Horse Collar
16:26 Double-Bit Axe
24:47 Castle Age
23:12 Padded Archer Armor
24:15 Gold Mining
24:15 Stone Mining
26:20 Bow Saw
30:10 Bodkin Arrow
35:20 Imperial Age
34:28 Leather Archer Armor
35:03 Elite Skirmisher
36:36 Ring Archer Armor
37:20 Ballistics
41:22 Chemistry
42:25 Heavy Plow
43:31 Two-Man Saw
SpecialistArena7
9:33 Feudal Age
10:29 Feudal Age
11:42 Loom
11:57 Double-Bit Axe
14:13 Castle Age
15:23 Forging
15:10 Horse Collar
22:25 Bow Saw
27:29 Scale Barding Armor
34:01 Coinage
33:55 Chain Barding Armor
34:34 Wheelbarrow
ArabiaHaterNr.1
10:48 Feudal Age
14:40 Castle Age
13:02 Double-Bit Axe
14:01 Horse Collar
14:53 Fletching
15:42 Loom
17:36 Bodkin Arrow
26:44 Ballistics
31:13 Wheelbarrow
33:41 Imperial Age
33:09 Town Watch
34:07 Bow Saw
34:27 Bracer
35:37 Chemistry
37:05 Padded Archer Armor
39:13 Hand Cart
43:18 Conscription
naphtaligrauer16
9:20 Feudal Age
10:18 Double-Bit Axe
10:50 Horse Collar
12:43 Loom
15:01 Wheelbarrow
20:15 Castle Age
19:47 Fletching
19:57 Padded Archer Armor
20:04 Gold Mining
20:51 Bodkin Arrow
21:50 Leather Archer Armor
23:33 Ballistics
27:19 Capped Ram
29:17 Heavy Plow
29:28 Bow Saw
31:03 Thumb Ring
33:07 Hand Cart
33:17 Bloodlines
43:02 Scale Barding Armor
44:36 Chain Barding Armor
44:27 Forging
Connection lost

Rejoining the realm…

Still unreachable

The connection could not be restored.

Session expired

The server has moved on; the page needs a fresh start.